 Dungeon Crawl Stone Soup version 0.31-a0-365-gcf821cafb2 (webtiles) character file.

Game seed: 16760521603150067581

162 porpoise the Shooter (level 5, -1/33 HPs)
             Began as a Kobold Hunter on July 28, 2023.
             Engulfed by a steam dragon's steam (6 damage)
             ... on level 6 of the Dungeon.
             The game lasted 00:06:35 (2915 turns).

porpoise the Shooter (Kobold Hunter)                Turns: 2915, Time: 00:06:35

Health: -1/33      AC:  5    Str:  8    XL:     5   Next: 71%
Magic:  5/5        EV: 19    Int: 10    God:
Gold:   106        SH:  0    Dex: 21    Spells: 4/4 levels left

rFire   . . .        a - +1 shortbow
rCold   . . .        (shield currently unavailable)
rNeg    . . .        j - +1 troll leather armour
rPois   .            (no helmet)
rElec   .            (no cloak)
rCorr   .            (no gloves)
SInv    .            (no boots)
Will    .....        p - amulet of regeneration
Stlth   +++          t - +5 ring of evasion
HPRegen 1.85/turn    (no ring)
MPRegen 0.09/turn

%: no passive effects
@: no status effects
A: small, no large weapons, nightstalker 3
a: no special abilities


You were on level 6 of the Dungeon.
You visited 1 branch of the dungeon, and saw 5 of its levels.

You collected 106 gold pieces.

Inventory:

Hand Weapons
 a - a +1 shortbow (weapon)
Missiles
 k - a throwing net
Armour
 j - a +1 troll leather armour (worn)
Magical Staves
 u - a staff of fire
Jewellery
 p - an amulet of regeneration (around neck)
 t - a +5 ring of evasion (left hand)
 v - a ring of resist corrosion
Scrolls
 b - a scroll of butterflies
 c - a scroll of enchant weapon
 d - a scroll of acquirement {unknown}
 e - 2 scrolls of enchant armour
 i - a scroll of revelation {unknown}
 l - 2 scrolls of teleportation
 q - a scroll of fear
 r - a scroll of torment {unknown}
 s - a scroll of vulnerability {unknown}
Potions
 f - 5 potions of ambrosia
 g - a potion of magic
 h - 2 potions of curing
 m - 2 potions of might
 n - a potion of degeneration {unknown}
 o - a potion of brilliance {unknown}


   Skills:
 + Level 3.8 Fighting
 * Level 7.7 Ranged Weapons
 - Level 2.4 Dodging
 - Level 1.3 Stealth


You had 4 spell levels left.
You didn't know any spells.
Your spell library contained the following spells:

 Spells                   Type           Power      Damage    Failure   Level
 Magic Dart               Conj           0%         1d3       50%         1
 Call Imp                 Summ           0%         N/A       63%         2
 Dazzling Flash           Conj/Hex       0%         N/A       86%         3
 Mephitic Cloud           Conj/Pois/Air  0%         N/A       86%         3
 Ozocubu's Armour         Ice            0%         N/A       86%         3
 Agony                    Necr           0%         N/A       100%        5
 Silence                  Hex/Air        0%         N/A       100%        5
 Ozocubu's Refrigeration  Ice            0%         4d7       100%        7


Dungeon Overview and Level Annotations

Branches:
Dungeon (4/15)
 Temple: D:4-7

Altars:
Gozag
Kikubaaqudgha

Shops:
D:1 [


Innate Abilities, Weirdness & Mutations

You are small and have problems with some larger weapons.
You are completely attuned to the shadows.


Message History

The fungus begins to die.
The fungus is engulfed in a cloud of scalding steam.
The steam dragon closely misses you.
The steam dragon claws you but does no damage.
The steam dragon breathes steam at you. The ball of steam hits you!
The ball of steam hits the fungus!!
You shoot an arrow.
The arrow hits the steam dragon but does no damage.
The steam dragon is moderately wounded.
You are engulfed in a cloud of scalding steam.
The fungus is engulfed in a cloud of scalding steam.
A nearby fungus withers and dies.
The fungus is engulfed in a cloud of scalding steam. x4
The fungus begins to die.
The steam dragon bites you. The steam dragon barely misses you.
The steam dragon misses you. The steam dragon closely misses you.
You shoot an arrow.
The arrow completely misses the steam dragon.
The arrow hits the fungus!
The fungus begins to die.
The fungus is lightly damaged.
You are engulfed in a cloud of scalding steam.
* * * LOW HITPOINT WARNING * * *
A nearby fungus withers and dies.
The fungus is engulfed in a cloud of scalding steam.
A nearby fungus withers and dies.
The fungus is engulfed in a cloud of scalding steam.
The steam dragon closely misses you. x3; The steam dragon misses you.
You shoot an arrow.
The arrow hits the steam dragon but does no damage.
The steam dragon is moderately wounded.
You are engulfed in a cloud of scalding steam.
* * * LOW HITPOINT WARNING * * *
The steam dragon misses you. The steam dragon completely misses you.
The steam dragon barely misses you.
The steam dragon claws you but does no damage.
You shoot an arrow.
The arrow hits the steam dragon but does no damage.
The steam dragon is moderately wounded.
You are engulfed in a cloud of scalding steam.
You die...

#~P~## P.PP~##
#######
~...≈≈#########..~.P.
....~.~...P.≈........
...DD...........P~PPP
....@..^~.P~#######.~
PP~.PP####### ######
##P~### .....# ###
...... ######


You could see 2 steam dragons.

Vanquished Creatures
  A hound (D:4)
  3 gnolls (D:2)
  4 adders
  2 dart slugs
  2 worms (D:2)
  3 orcs
  2 bats (D:1)
  4 endoplasms
  5 giant cockroaches
  4 goblins
  4 hobgoblins
  2 jackals (D:1)
  A quokka (D:1)
  7 ball pythons
  2 frilled lizards
  10 kobolds
  3 rats (D:1)
59 creatures vanquished.

Notes
Turn   | Place    | Note
-------+----------+-------------------------------------------
     0 | D:1      | porpoise the Kobold Hunter began the quest for the Orb.
     0 | D:1      | Reached XP level 1. HP: 12/12 MP: 1/1
   138 | D:1      | Found Awat's Armour Shop.
   167 | D:1      | Reached XP level 2. HP: 18/18 MP: 2/2
   408 | D:1      | Reached skill level 6 in Ranged Weapons
   439 | D:1      | Reached XP level 3. HP: 19/22 MP: 3/3
  1287 | D:2      | Reached XP level 4. HP: 23/28 MP: 4/4
  1399 | D:2      | Reached skill level 7 in Ranged Weapons
  2010 | D:3      | Reached XP level 5. HP: 32/32 MP: 5/5
  2018 | D:3      | Found an ancient bone altar of Kikubaaqudgha.
  2812 | D:4      | Found an opulent altar of Gozag.
  2867 | D:4      | You fall into a shaft and drop 2 floors!
  2900 | D:6      | Noticed a steam dragon
  2901 | D:6      | Noticed a steam dragon
  2915 | D:6      | Engulfed by a steam dragon's steam

Illustrated notes

Levels and vault maps discovered:
D:1:      matt_arrival_spirals, layout_basic, serial_shops, shop
D:2:      layout_basic, kennysheep_generic_room_4
D:3:      layout_loops_ring, mainiacjoe_overflow_boulevard
D:4:      layout_loops_ring, mainiacjoe_overflow_small_starburst, uniq_ijyb
D:6:      kennysheep_steamy, layout_rooms, minmay_temple_entry_antechambers,
          minmay_ruined_shrine

Skill      XL: |  1  2  3  4 |
---------------+-------------+-----
Ranged Weapons | 6 7 |  7.7
Fighting       | 3 |  3.8
Dodging        | |  2.4
Stealth        | |  1.3

Action                     |  1- 3 |  4- 6 || total
---------------------------+-------+-------++-------
   Fire: Shortbow          |    76 |    93 ||   169
    Use: Scroll            |       |     8 ||     8
 Armour: Leather armour    |     8 |       ||     8
         Troll leather arm |     1 |    16 ||    17
  Dodge: Dodged            |    31 |    51 ||    82

Table legend: (Time is in decaauts)
 A = Elapsed time spent in this place.
 B = Non-inter-level travel time spent in this place.
 C = Inter-level travel time spent in this place.
 D = Time resting spent in this place.
 E = Time spent auto-exploring this place.
 F = Levels seen in this place.
 G = Mean time per level.
                   A        B        C        D        E       F      G
               +--------+--------+--------+--------+--------+-----+--------+
         Total |   2935 |   2805 |    130 |     30 |   2399 |   5 |  587.0 |
       Dungeon |   2935 |   2805 |    130 |     30 |   2399 |   5 |  587.0 |
               +--------+--------+--------+--------+--------+-----+--------+

Top non-repeatable levels by time:
     D:2: 1076 daAuts
     D:1: 882 daAuts
     D:3: 745 daAuts
     D:4: 183 daAuts
     D:6: 48 daAuts
